 Dungeon Crawl Stone Soup version 0.31-a0-652-gab4348c (webtiles) character file.

Game seed: 176107458522055122

11512 Rogue the Placeless Spriggan (level 11, -1/56 HPs)
             Began as a Spriggan Brigand on Aug 29, 2023.
             Was an Elder of Okawaru.
             Slain by a merfolk
             ... wielding a +0 trident
              (14 damage)
             ... on level 2 of the Lair of Beasts.
             The game lasted 02:13:56 (12773 turns).

Rogue the Placeless Spriggan (Spriggan Brigand)    Turns: 12773, Time: 02:13:56

Health: -1/56      AC:  9    Str:  7    XL:     11   Next: 50%
Magic:  12/15      EV: 30    Int: 22    God:    Okawaru [****..]
Gold:   561        SH:  0    Dex: 18    Spells: 2/10 levels left

rFire   . . .        a - +2 dagger
rCold   . . .        (no shield)
rNeg    . . .        i - +2 steam dragon scales
rPois   .            (helmet currently unavailable)
rElec   .            e - melded +0 cloak
rCorr   .            (gloves unavailable)
SInv    +            (boots unavailable)
Will    +....        (no amulet)
Stlth   ++++++       P - +5 ring of evasion
HPRegen 0.29/turn    l - +6 ring of intelligence
MPRegen 0.14/turn

%: no passive effects
@: beast-form, heroic, mesmerised, studying Stealth, very quick
A: beast (slay +3), very small, no large weapons, unfitting armour, see
invisible, speed 3
a: Begin Untransformation, Renounce Religion, Heroism, Finesse


You were on level 2 of the Lair of Beasts.
You worshipped Okawaru.
Okawaru was greatly pleased with you.
You were a hulking beast.
You visited 3 branches of the dungeon, and saw 13 of its levels.
You also visited: Bailey.

You collected 1106 gold pieces.
You spent 545 gold pieces at shops.

Inventory:

Hand Weapons
 a - a +2 dagger (weapon)
 b - a +0 hand axe of electrocution
 p - a +1 sling
 D - a +2 short sword of venom
 G - a +7 quarterstaff of chaos
 K - a +0 long sword
 R - a +0 dagger of venom
 T - a +1 war axe of venom
 U - a +3 short sword of freezing
Missiles
 F - 24 boomerangs
 H - 9 curare-tipped darts (quivered)
 V - a throwing net
 Y - 2 poisoned darts
Armour
 e - a +0 cloak (melded)
 i - +2 steam dragon scales (worn)
Magical Staves
 L - a staff of air
Jewellery
 l - a +6 ring of intelligence (right hand)
 u - a ring of willpower
 v - a ring of positive energy
 N - a +6 ring of intelligence
 O - a ring of ice
 P - a +5 ring of evasion (left hand)
 X - a ring of flight
Talismans
 d - a beast talisman (active)
 j - a granite talisman
 o - a serpent talisman
Wands
 n - a wand of mindburst (6)
 S - a wand of flame (8)
 W - a wand of digging (11)
Scrolls
 f - a scroll of teleportation
 k - a scroll of fear {unknown}
 y - 4 scrolls of amnesia
 z - a scroll of blinking
 C - a scroll of fog {unknown}
 E - a scroll of revelation
 I - 2 scrolls of poison
 J - 2 scrolls of immolation
 Z - a scroll of acquirement {unknown}
Potions
 g - a potion of berserk rage
 h - 2 potions of brilliance
 m - a potion of degeneration {unknown}
 q - a potion of might {unknown}
 r - 2 potions of mutation
 s - 4 potions of haste
 t - a potion of lignification {unknown}
 w - 3 potions of enlightenment
 x - 2 potions of attraction {unknown}
 A - 3 potions of cancellation
 B - a potion of heal wounds {unknown}
 Q - a potion of resistance


   Skills:
 * Level 5.5(10.5) Fighting
 + Level 3.2(8.2) Short Blades
 + Level 4.4(9.4) Staves
 + Level 6.4(11.4) Ranged Weapons
 - Level 5.6(10.6) Throwing
 * Level 5.3(10.3) Armour
 + Level 5.7(10.7) Dodging
 + Level 8.2(13.2) Stealth
 + Level 0.4 Spellcasting
 * Level 1.3 Hexes
 * Level 8.7 Translocations
 * Level 2.4 Transmutations
 + Level 0.1 Ice Magic
 * Level 4.6 Invocations
 + Level 1.1 Evocations
 * Level 6.9 Shapeshifting


You had 2 spell levels left.
You knew the following spells:

 Your Spells              Type           Power      Damage    Failure   Level
a - Passage of Golubria   Tloc           38%        N/A       4%          4
b - Ensorcelled Hibernat  Hex/Ice        6%         N/A       19%         2
c - Passwall              Tmut/Erth      4%         N/A       16%         2

Your spell library contained the following spells:

 Spells                   Type           Power      Damage    Failure   Level
 Apportation              Tloc           76%        N/A       1%          1
 Lesser Beckoning         Tloc           76%        N/A       1%          2
 Wereblood                Tmut           11%        N/A       9%          2
 Shock                    Conj/Air       0%         1d3       16%         1
 Cigotuvi's Dreadful Rot  Necr/Pois/Air  0%         N/A       24%         2
 Gell's Gravitas          Tloc           38%        N/A       1%          3
 Teleport Other           Tloc           38%        N/A       1%          3
 Vhi's Electric Charge    Tloc/Air       38%        N/A       26%         4
 Ignite Poison            Fire/Tmut/Pois 4%         N/A       34%         3
 Swiftness                Air            0%         N/A       43%         3
 Sticky Flame             Conj/Fire      0%         2d3       85%         4
 Alistair's Intoxication  Tmut/Pois      3%         N/A       95%         5
 Irradiate                Conj/Tmut      2%         3d12      95%         5
 Arcjolt                  Conj/Air       0%         1d10      99%         5
 Disjunction              Tloc           19%        N/A       100%        8
 Ignition                 Fire           0%         3d3       100%        8
 Maxwell's Capacitive Co  Air            0%         ∞         100%        8
 Summon Small Mammal      Summ           Unusable   N/A       N/A         1
 Summon Guardian Golem    Hex/Summ       Unusable   N/A       N/A         3
 Call Canine Familiar     Summ           Unusable   N/A       N/A         3

Dungeon Overview and Level Annotations

Branches:
Dungeon (10/15)            Temple (1/1) D:7            Lair (2/5) D:10
    Orc (0/2) D:10         Bailey (visited)
  Swamp: Lair:2-3    Shoals: Lair:2-3     Snake: Lair:2-3    Spider: Lair:2-3

Altars:
Ashenzari
Cheibriados
Dithmenos
Elyvilon
Fedhas
Gozag
Hepliaklqana
Kikubaaqudgha
Makhleb
Nemelex Xobeh
Okawaru
Qazlal
Ru
Sif Muna
Trog
Uskayaw
Vehumet
Wu Jian
Xom
Yredelemnul
Zin
The Shining One

Shops:
D:4 *   D:5 (


Innate Abilities, Weirdness & Mutations

You are a hulking beast.
Your limbs bulge with bestial killing power. (Slay +3)
You are very small and have problems with some larger weapons.
You are too small for most types of armour.
You have supernaturally acute eyesight. (SInv)
You cover ground extremely quickly. (Speed+++)


Message History

The merfolk siren chants its luring song.
Aiming: Mindburst
Press: ? - help, Shift-Dir - straight line, f/p - merfolk siren
Aim: a merfolk siren, wielding a +0 trident (mesmerising, chance to affect: 34%)
The merfolk siren easily resists.
The komodo dragon looks more healthy.
The merfolk siren chants its luring song.
The komodo dragon hisses angrily.
Aiming: Mindburst
Press: ? - help, Shift-Dir - straight line, f/p - merfolk siren
Aim: a merfolk siren, wielding a +0 trident (mesmerising, chance to affect: 34%)
Okay, then.
Aiming: Mindburst
Press: ? - help, Shift-Dir - straight line, f - merfolk, p - merfolk siren
Aim: a merfolk, wielding a +0 trident (chance to affect: 51%)
The merfolk resists with significant effort.
Your surroundings seem slightly different.
Found a stone staircase leading down.
The komodo dragon bites the merfolk siren.
The merfolk siren chants its luring song.
The komodo dragon bites the merfolk siren!
Unknown command.
Throw: 10 darts (curare)
Press: ? - help, Q - select action, (/) - cycle Shift-Dir - straight line, f - merfolk siren, p - merfolk
Aim: a merfolk siren, wielding a +0 trident (mesmerising, 67% to hit)
You throw a curare-tipped dart.
The curare-tipped dart hits the merfolk siren.
The merfolk siren is poisoned.
The merfolk siren convulses.
The merfolk siren seems to slow down.
The merfolk siren is lightly wounded.
The komodo dragon bites the merfolk siren!
The merfolk siren dies!
Okawaru accepts your kill.
The merfolk siren chants its luring song.
The merfolk misses you.
The komodo dragon closely misses the merfolk siren.
The merfolk hits you from afar with a +0 trident!
* * * LOW HITPOINT WARNING * * *
You feel better.
The merfolk hits you from afar with a +0 trident!
You die...

...... .....>.. ..
...#P.###.....P##..
............?..... ##
#..........?.......... #.#
#.....#............#..
...###P....+...............
............P...............
............#...h........#
............#..#..P.P.P.#...
................m.m..........
........<..(((..l............
................(............
.............(...)#.#+P.#... .#
#.###...#.####............#...#
......#...# ##..#.(......#....
....#.m.### ####...#.##.#...#


You could see a merfolk, a merfolk siren (mesmerising, very poisoned, slow) and
a neutral komodo dragon (fast, strong, frenzied, distracted).

Vanquished Creatures
  The ghost of Nithhogg the Cleaver, a novice HOFi of the Shining One (D:8)
  2 two-headed ogres
  An orb spider (shapeshifter) (D:8)
  A black mamba (Lair:1)
  A cane toad (Lair:1)
  A komodo dragon (Lair:1)
  Prince Ribbit (D:7)
  A vampire (D:10)
  A shadow (D:10)
  3 wyverns (D:10)
  7 yaks
  A wraith (D:10)
  Grum (D:10)
  A steam dragon (D:8)
  Menkaure (D:4)
  8 water moccasins
  An ice beast (D:8)
  2 black bears (D:6)
  6 orc warriors
  2 sky beasts
  An ogre (D:5)
  2 wolves
  4 centaurs
  2 bullfrogs (D:8)
  3 kobold brigands
  A phantom (D:6)
  3 scorpions
  3 wights (D:7)
  10 killer bees
  3 jellies
  4 hounds
  An orc priest (D:9)
  Crazy Yiuf (D:3)
  A gnoll bouda (D:9)
  Jessica (D:3)
  6 iguanas
  A sleepcap (D:5)
  2 orc wizards
  8 gnolls
  6 adders
  A white imp (D:7)
  An ufetubus (D:4)
  2 worms (D:4)
  9 orcs
  9 endoplasms
  15 goblins
  10 hobgoblins
  6 jackals
  25 kobolds
  2 quokkas (D:1)
  4 ball pythons
  8 bats
  5 frilled lizards
  6 rats
209 creatures vanquished.

Vanquished Creatures (collateral kills)
  A merfolk siren (Lair:2)
  A black mamba (Lair:2)
  A komodo dragon (Lair:2)
  2 yaks (D:9)
  2 orc warriors (Bailey)
  An ogre (D:10)
  An orc wizard (D:9)
  3 gnolls (D:6)
  5 orcs
  A kobold (Bailey)
18 creatures vanquished.

Vanquished Creatures (others)
  An orc warrior (Bailey)
  An ogre (D:10)
  A killer bee (D:8)
  A gnoll bouda (D:6)
  2 gnolls (D:6)
  An adder (D:3)
  A goblin (D:6)
  2 kobolds
10 creatures vanquished.

Grand Total: 237 creatures vanquished

Notes
Turn   | Place    | Note
-------+----------+-------------------------------------------
     0 | D:1      | Rogue the Spriggan Brigand began the quest for the Orb.
     0 | D:1      | Reached XP level 1. HP: 10/10 MP: 2/2
   101 | D:1      | Reached XP level 2. HP: 12/15 MP: 3/3
   190 | D:1      | Noticed a golden eye
   192 | D:1      | Found a faded altar of an unknown god.
   200 | D:1      | Noticed a golden eye
   200 | D:1      | Noticed a shining eye
   200 | D:1      | Noticed a shining eye
   502 | D:1      | Got the Book of Sickening Composition
   695 | D:1      | Reached XP level 3. HP: 18/18 MP: 4/4
  1001 | D:2      | Got Kinoxic's Octavo of Superposition
  1305 | D:2      | Reached skill level 1 in Armour
  1649 | D:2      | Reached XP level 4. HP: 19/23 MP: 5/5
  2017 | D:3      | Reached skill level 1 in Ranged Weapons
  2017 | D:3      | Reached skill level 1 in Shapeshifting
  2072 | D:3      | Noticed Jessica
  2113 | D:4      | Noticed a scorpion
  2155 | D:4      | Killed a scorpion
  2156 | D:4      | Reached XP level 5. HP: 27/27 MP: 6/6
  2161 | D:4      | Learned a level 4 spell: Passage of Golubria
  2168 | D:4      | Noticed a centaur
  2204 | D:4      | Killed a centaur
  2205 | D:4      | Reached skill level 1 in Translocations
  2277 | D:4      | Reached XP level 6. HP: 15/32 MP: 7/7
  2376 | D:4      | Found Coockoim's General Store.
  2398 | D:4      | Bought a scroll of amnesia for 52 gold pieces
  2398 | D:4      | Bought a scroll of blinking for 97 gold pieces
  2786 | D:3      | Killed Jessica
  2815 | D:3      | Got Sif Muna's Guidebook on Excruciating Bad Luck
  2947 | D:3      | Found a runed translucent door.
  2948 | D:3      | Noticed Crazy Yiuf
  3135 | D:3      | Killed Crazy Yiuf
  3380 | D:4      | Noticed Menkaure
  3395 | D:4      | Killed Menkaure
  3400 | D:4      | Reached XP level 7. HP: 31/35 MP: 8/8
  3806 | D:4      | Bought a scroll of poison for 52 gold pieces
  3806 | D:4      | Bought a scroll of immolation for 52 gold pieces
  3871 | D:5      | Entered Level 5 of the Dungeon
  4345 | D:5      | Found Iwuk Xuw's Weapon Shoppe.
  4351 | D:5      | Bought 3 datura-tipped darts for 32 gold pieces
  4518 | D:5      | Reached skill level 1 in Staves
  4832 | D:5      | Reached XP level 8. HP: 19/40 MP: 9/9
  5196 | D:6      | Found a hazy altar of Hepliaklqana.
  5354 | D:6      | Found a shimmering altar of Xom.
  5446 | D:6      | Found an ancient bone altar of Kikubaaqudgha.
  5447 | D:6      | Found an iron altar of Okawaru.
  5448 | D:6      | Found a snail-covered altar of Cheibriados.
  5448 | D:6      | Found a white marble altar of Elyvilon.
  5546 | D:6      | Became a worshipper of Warmaster Okawaru
  5604 | D:6      | Found a broken altar of Ashenzari.
  5611 | D:6      | Found a radiant altar of Vehumet.
  5643 | D:6      | Found a glowing silver altar of Zin.
  6217 | D:7      | Reached skill level 1 in Invocations
  6317 | D:7      | Noticed Prince Ribbit
  6591 | D:7      | Found a staircase to the Ecumenical Temple.
  6601 | Temple   | Entered the Ecumenical Temple
  7075 | D:7      | Killed Prince Ribbit
  7076 | D:7      | Reached XP level 9. HP: 45/45 MP: 11/11
  7179 | D:7      | Reached * piety under Okawaru
  7184 | D:7      | Reached skill level 5 in Translocations
  7208 | D:7      | Reached skill level 5 in Ranged Weapons
  7410 | D:8      | Noticed a guardian serpent
  7416 | D:8      | Noticed a queen bee
  7416 | D:8      | a queen bee changed into a polar bear
  7416 | D:8      | Noticed a polar bear (shapeshifter)
  7430 | D:8      | a polar bear changed into a blink frog
  7444 | D:8      | a blink frog changed into an entropy weaver
  7444 | D:8      | Noticed an entropy weaver (shapeshifter)
  7471 | D:8      | Found a runed translucent door.
  7472 | D:8      | Noticed Nithhogg's ghost (novice HOFi)
  7748 | D:8      | Noticed a shock serpent
  7789 | D:8      | Reached skill level 5 in Shapeshifting
  7858 | D:8      | Noticed a skyshark
  8213 | D:8      | Noticed a skyshark
  8214 | D:8      | a skyshark changed into an orb spider
  8214 | D:8      | Noticed an orb spider (shapeshifter)
  8223 | D:8      | Killed an orb spider
  8544 | D:9      | Found a sacrificial altar of Ru.
  8569 | D:9      | Found a flagged portal.
  8595 | Bailey   | Entered a bailey
  8676 | Bailey   | Reached ** piety under Okawaru
  8677 | Bailey   | Reached XP level 10. HP: 38/51 MP: 11/13
  8738 | Bailey   | Identified the +3 chain mail of the Vaults {Harm rC+ Dex+4}
  9287 | D:9      | Noticed a two-headed ogre
  9304 | D:9      | Killed a two-headed ogre
  9325 | D:9      | Reached skill level 5 in Throwing
  9489 | D:9      | Reached skill level 5 in Dodging
  9937 | D:10     | Entered Level 10 of the Dungeon
  9937 | D:10     | Noticed Grum
 10144 | D:4      | Bought a book of Burglary for 260 gold pieces
 10319 | D:8      | Killed Nithhogg's ghost
 10320 | D:8      | Reached skill level 5 in Fighting
 10400 | D:10     | Found a staircase to the Orcish Mines.
 10424 | D:10     | Reached skill level 1 in Evocations
 10426 | D:10     | Reached *** piety under Okawaru
 10640 | D:10     | Killed Grum
 10796 | D:10     | Reached XP level 11. HP: 51/55 MP: 15/15
 10900 | D:10     | Found a staircase to the Lair.
 10926 | D:10     | Reached skill level 5 in Armour
 10965 | D:10     | Noticed a two-headed ogre
 10993 | D:10     | Killed a two-headed ogre
 10993 | D:10     | Received a gift from Okawaru
 11071 | D:10     | Learned a level 2 spell: Ensorcelled Hibernation
 11074 | D:10     | Learned a level 2 spell: Passwall
 11224 | D:10     | Found a bloodstained altar of Trog.
 11508 | Lair:1   | Entered Level 1 of the Lair of Beasts
 11864 | Lair:1   | Reached skill level 1 in Transmutations
 12760 | Lair:2   | Reached **** piety under Okawaru
 12761 | Lair:2   | Reached skill level 1 in Hexes
 12773 | Lair:2   | Slain by a merfolk

Illustrated notes

Levels and vault maps discovered:
D:1:      roderic_crop_circles_arrival_large, layout_basic,
          hellmonk_ecumenical_altar_watching_god
D:2:      layout_basic, patterned_corridor
D:3:      layout_rooms, glass_columns_a, minmay_misc_feat_secret_circle,
          minmay_increasing_density, uniq_jessica, uniq_crazy_yiuf_cottage
D:4:      layout_basic, serial_shops, shop, chequers_serial_rivers_marsh,
          chequers_hall_statues_corner_a, minmay_fractal_squares_diagonal_5,
          uniq_menkaure
D:5:      layout_loops_ring, serial_shops, shop, hangedman_decor_opposing
D:6:      layout_rooms, nicolae_ashenzari_skybound, dk_xom_monty_hall,
          mainiacjoe_overflow_large_starburst,
          chequers_temple_overflow_statue_of_worship,
          mainiacjoe_overflow_catwalk, serial_bayou_pond_e
D:7:      layout_cave_pods, minmay_temple_entry_nine_rooms, uniq_prince_ribbit1
D:8:      layout_gridville, ebering_ghost_reflecting_pool, minmay_bent
D:9:      layout_long_grid, nicolae_ru_great_annihilating_truth, enter_bailey_5
D:10:     layout_long_grid, trog_antimagical, minmay_lair_entry_grove,
          orc_0_dummy, nicolae_houndstooth_variations, uniq_grum
Temple:   bh_familiar_temple
Lair:1:   layout_cave_pods
Lair:2:   layout_chaotic_city, elwin_shoals_entry_stream,
          guppyfry_snake_entry_island

Skill      XL: |  1  2  3  4  5  6  7  8  9 10 11 |
---------------+----------------------------------+-----
Stealth        | 6 7 8 |  8.2
Fighting       | 2 3 4 5 |  5.5
Armour         | 1 2 3 4 5 |  5.3
Ranged Weapons | 1 2 3 4 5 6 |  6.4
Shapeshifting  | 1 2 3 4 5 6 |  6.9
Dodging        | 2 3 4 5 |  5.7
Translocations | 1 2 3 4 6 8 |  8.7
Staves         | 1 2 3 4 |  4.4
Throwing       | 3 4 5 |  5.6
Short Blades   | 3 |  3.2
Invocations    | 1 3 4 |  4.6
Evocations     | 1 |  1.1
Transmutations | 2 |  2.4
Hexes          | 1 |  1.3
Spellcasting   | |  0.4
Ice Magic      | |  0.1

Action                     |  1- 3 |  4- 6 |  7- 9 | 10-12 || total
---------------------------+-------+-------+-------+-------++-------
  Melee: Dagger            |    80 |    45 |     5 |     7 ||   137
         Punch             |     1 |       |     1 |       ||     2
         Short sword       |       |    15 |    48 |       ||    63
         Quarterstaff      |       |    10 |   173 |   154 ||   337
   Fire: Sling             |    22 |    53 |   203 |    38 ||   316
  Throw: Dart              |    26 |    17 |    92 |    54 ||   189
         Boomerang         |       |       |     2 |    25 ||    27
         Throwing net      |       |       |     1 |       ||     1
   Cast: Ensorcelled Hiber |       |       |       |     5 ||     5
         Passage of Golubr |       |       |       |     1 ||     1
 Invoke: Heroism           |       |       |     6 |     9 ||    15
  Evoke: Wand              |       |     2 |     4 |     9 ||    15
    Use: Scroll            |       |     1 |    12 |     8 ||    21
         Potion            |       |       |     5 |     2 ||     7
   Stab: Sleeping          |     8 |     5 |     5 |     3 ||    21
         Confused          |       |       |     3 |     1 ||     4
         Paralysed         |       |       |       |     2 ||     2
 Armour: Robe              |    10 |    10 |    22 |       ||    42
         Steam dragon scal |       |       |     8 |    18 ||    26
  Dodge: Dodged            |    47 |    49 |   312 |   183 ||   591
   Form: Beast             |       |       |       |     1 ||     1

Table legend: (Time is in decaauts)
 A = Elapsed time spent in this place.
 B = Non-inter-level travel time spent in this place.
 C = Inter-level travel time spent in this place.
 D = Time resting spent in this place.
 E = Time spent auto-exploring this place.
 F = Levels seen in this place.
 G = Mean time per level.
                   A        B        C        D        E       F      G
               +--------+--------+--------+--------+--------+-----+--------+
         Total |   9137 |   8441 |    696 |    405 |   4501 |  14 |  652.6 |
       Dungeon |   7948 |   7309 |    639 |    394 |   3881 |  10 |  794.8 |
        Temple |      1 |      1 |      0 |      0 |      0 |   1 |    1.0 |
          Lair |    880 |    823 |     57 |      2 |    602 |   2 |  440.0 |
        Bailey |    306 |    306 |      0 |      9 |     18 |   1 |  306.0 |
               +--------+--------+--------+--------+--------+-----+--------+

Top non-repeatable levels by time:
     D:5: 983 daAuts
     D:8: 932 daAuts
    D:10: 911 daAuts
     D:7: 881 daAuts
     D:4: 861 daAuts
  Lair:1: 842 daAuts
     D:6: 776 daAuts
     D:9: 736 daAuts
     D:3: 655 daAuts
     D:2: 609 daAuts
     D:1: 600 daAuts
  Bailey: 306 daAuts
  Lair:2: 38 daAuts
  Temple: 1 daAuts
